 Dungeon Crawl Stone Soup version 0.29-a0-753-gb7bb9d756e (webtiles) character file.

Game seed: 9927003807425174919

992 Nattfarinn the Tainter (level 7, -3/36 HPs)
             Began as a Deep Elf Venom Mage on June 30, 2022.
             Slain by a killer bee (5 damage)
             ... on level 6 of the Dungeon.
             The game lasted 00:12:05 (6276 turns).

Nattfarinn the Tainter (Deep Elf Venom Mage)        Turns: 6276, Time: 00:12:06

Health: -3/36      AC:  3    Str: 12    XL:     7   Next: 98%
Magic:  8/27       EV: 17    Int: 26    God:
Gold:   284        SH:  0    Dex: 15    Spells: 6/18 levels left

rFire   + . .      SeeInvis .   m - +1 mace of the Beast {venom, Int+4}
rCold   + . .      Faith    +   (no shield)
rNeg    . . .      Spirit   .   a - +0 robe
rPois   .          Reflect  .   v - +0 helmet
rElec   .          Harm     .   s - scarf {rC+ rF+}
rCorr   .          Rampage  .   (no gloves)
Will    .....                   (no boots)
Stlth   ++........              c - amulet of Loylluj {Faith Str+7}
HPRegen 0.12/turn               t - +4 ring of evasion
MPRegen 0.20/turn               p - ring of magical power

@: brilliant, lethally poisoned (-3 -> -13), very slightly contaminated
A: no striking features
a: no special abilities


You were on level 6 of the Dungeon.
You visited 2 branches of the dungeon, and saw 7 of its levels.

You collected 369 gold pieces.
You spent 85 gold pieces at shops.

Inventory:

Hand Weapons
 m - the +1 mace of the Beast (weapon) {venom, Int+4}
   (You found it on level 2 of the Dungeon)

   It poisons the flesh of those it strikes.
   Int:       It affects your intelligence (+4).
Armour
 a - a +0 robe (worn)
 s - a scarf of resistance (worn)
 v - a +0 helmet (worn)
Jewellery
 c - the amulet of Loylluj (around neck) {Faith Str+7}
   (You bought it in a shop on level 3 of the Dungeon)

   [amulet of faith]

   It allows you to gain divine favour quickly.
   Str:       It affects your strength (+7).
 d - a ring of resist corrosion
 p - a ring of magical power (right hand)
 t - a +4 ring of evasion (left hand)
 x - a ring of flight
Wands
 l - a wand of iceblast (10)
 r - a wand of flame (13)
Scrolls
 i - a scroll of vulnerability {unknown}
 k - 2 scrolls of identify {unknown}
 n - a scroll of enchant armour {unknown}
 q - 2 scrolls of teleportation {unknown}
 u - a scroll of blinking {unknown}
 w - a scroll of amnesia {unknown}
 y - a scroll of noise {unknown}
Potions
 b - a potion of magic
 g - a potion of resistance {unknown}
 h - a potion of invisibility {unknown}
 j - 2 potions of attraction {unknown}
 o - a potion of ambrosia {unknown}
 z - a potion of haste {unknown}


   Skills:
 - Level 4.1 Dodging
 - Level 2.4 Stealth
 - Level 6.0 Spellcasting
 - Level 1.1 Transmutations
 + Level 9.2 Poison Magic


You had 6 spell levels left.
You knew the following spells:

 Your Spells              Type           Power      Damage    Failure   Level
a - Sting                 Tmut/Pois      100%       1d8       1%          1
b - Poisonous Vapours     Pois/Air       94%        N/A       1%          2
c - Mephitic Cloud        Conj/Pois/Air  35%        N/A       6%          3
d - Scorch                Fire           22%        2d6       11%         2
e - Olgreb's Toxic Radia  Pois           70%        N/A       1%          4

Your spell library contained the following spells:

 Spells                   Type           Power      Damage    Failure   Level
 Flame Wave               Conj/Fire      11%        2d5       56%         4
 Summon Cactus Giant      Summ           5%         N/A       100%        6


Dungeon Overview and Level Annotations

Branches:
Dungeon (6/15)             Temple (1/1) D:4

Altars:
Dithmenos
Elyvilon
Fedhas
Gozag
Hepliaklqana
Kikubaaqudgha
Makhleb
Nemelex Xobeh
Ru
Sif Muna
Trog
Uskayaw
Vehumet
Wu Jian
Xom
Yredelemnul
Zin
The Shining One

Shops:
D:3 *[=(=

Annotations:
D:4 1 runed translucent door, Crazy Yiuf


Message History

The killer bee poisons you! The killer bee barely misses you.
The killer bee misses you. The killer bee stings you.
You are lethally poisoned!
The killer bee poisons you! The killer bee misses you.
Flames lash the killer bee.
The killer bee is burned terribly!
You kill the killer bee!
You feel extremely sick. The killer bee closely misses you.
The killer bee misses you. The killer bee closely misses you.
The killer bee misses you.
Flames lash the killer bee.
The killer bee is burned terribly!
The killer bee is almost dead.
You feel very sick. The killer bee closely misses you.
The killer bee completely misses you. The killer bee closely misses you.
The killer bee misses you.
You are too injured to fight recklessly!
You are too injured to fight recklessly!
You are too injured to fight recklessly!
Unknown command.
You feel much better.
You feel very sick. The killer bee closely misses you.
The killer bee stings you. The killer bee closely misses you.
The killer bee stings you.
Flames lash the killer bee but do no damage.
You feel very sick. The killer bee stings you! The killer bee stings you.
* * * LOW HITPOINT WARNING * * *
The killer bee closely misses you. The killer bee stings you.
* * * LOW HITPOINT WARNING * * *
You are too injured to fight recklessly!
Unknown command.
Unknown command.
Okay, then.
Okay, then.
Okay, then.
Okay, then.
It was a potion of brilliance.
You feel clever all of a sudden.
* * * LOW HITPOINT WARNING * * *
You feel sick. The killer bee barely misses you. The killer bee stings you.
You die...

.!........ #)..........
##..........#
............# .
...........# ...
##........####
....###............####.
......†.................
#.y@...........####.
###y........<#.#
...............#...
######...........###
##............
#####$.>.#..# #.!...#..#
.......#.. ##..........


You could see 2 killer bees.

Vanquished Creatures
  3 ogres
  A phantom (D:5)
  A bullfrog (D:4)
  A necrophage (D:4)
  2 scorpions
  2 killer bees (D:6)
  A jelly (D:5)
  2 orc priests (D:3)
  2 iguanas (D:5)
  2 orc wizards (D:3)
  4 adders
  2 white imps
  A worm (D:3)
  A dart slug (D:1)
  5 orcs
  9 ball pythons
  9 endoplasms
  3 giant cockroaches
  7 hobgoblins
  12 kobolds
  4 quokkas
  9 bats
  3 frilled lizards
  8 goblins
  5 rats
99 creatures vanquished.

Vanquished Creatures (others)
  A demonic plant (D:2)
  2 fungi (D:2)
  A plant (D:1)
4 creatures vanquished.

Grand Total: 103 creatures vanquished

Notes
Turn   | Place    | Note
-------+----------+-------------------------------------------
     0 | D:1      | Nattfarinn the Deep Elf Venom Mage began the quest for the
                  | Orb.
     0 | D:1      | Reached XP level 1. HP: 10/10 MP: 6/6
   365 | D:1      | Reached XP level 2. HP: 15/15 MP: 1/8
  1128 | D:1      | Reached XP level 3. HP: 19/19 MP: 6/10
  1809 | D:2      | Learned a level 2 spell: Poisonous Vapours
  1813 | D:2      | Learned a level 3 spell: Mephitic Cloud
  1869 | D:2      | Found a faded altar of an unknown god.
  1874 | D:2      | Identified the +1 mace of the Beast {venom, Int+4}
  2694 | D:3      | Found Xutidghom's Armour Emporium.
  2711 | D:3      | Learned a level 2 spell: Scorch
  2821 | D:3      | Reached XP level 4. HP: 24/24 MP: 9/12
  2853 | D:3      | Found Hyhol's Antique Weapon Boutique.
  2925 | D:3      | Found Plog's Jewellery Emporium.
  3223 | D:3      | Reached skill level 5 in Spellcasting
  3223 | D:3      | Reached skill level 4 in Poison Magic
  3326 | D:3      | Found Ecaymomu's Jewellery Shoppe.
  3331 | D:3      | Found a blossoming altar of Fedhas.
  3369 | D:3      | Found a radiant altar of Vehumet.
  3823 | D:3      | Reached XP level 5. HP: 28/28 MP: 8/15
  3951 | D:3      | Found Kazi's Assorted Antiques.
  3962 | D:3      | Bought a steaming golden amulet for 85 gold pieces
  3962 | D:3      | Identified the amulet of Loylluj {Faith Str+7} (You bought
                  | it in a shop on level 3 of the Dungeon)
  4203 | D:4      | Learned a level 4 spell: Olgreb's Toxic Radiance
  4219 | D:4      | Noticed an ogre
  4234 | D:4      | Killed an ogre
  4235 | D:4      | Reached skill level 5 in Poison Magic
  4235 | D:4      | Reached XP level 6. HP: 32/32 MP: 9/17
  4412 | D:4      | Reached skill level 6 in Poison Magic
  4468 | D:4      | Found a staircase to the Ecumenical Temple.
  4634 | D:4      | Found an ornate altar of the Wu Jian Council.
  4635 | D:4      | Found a hazy altar of Hepliaklqana.
  4788 | D:4      | Found a runed translucent door.
  4789 | D:4      | Noticed Crazy Yiuf
  4913 | Temple   | Entered the Ecumenical Temple
  5155 | D:5      | Entered Level 5 of the Dungeon
  5165 | D:5      | Reached skill level 7 in Poison Magic
  5165 | D:5      | Reached XP level 7. HP: 16/36 MP: 15/18
  5302 | D:5      | Reached skill level 8 in Poison Magic
  5419 | D:5      | Found a sparkling altar of Nemelex Xobeh.
  5896 | D:5      | Found a burning altar of Makhleb.
  5981 | D:5      | Found a hide-covered altar of Uskayaw.
  6266 | D:6      | Reached skill level 9 in Poison Magic
  6276 | D:6      | Slain by a killer bee

Illustrated notes

Levels and vault maps discovered:
D:1:      lightli_molten_gateway, layout_loops_corners, serial_bayou,
          serial_bayou_pond_c, serial_bayou_pond_b, serial_bayou_pond_e,
          serial_bayou_crossing
D:2:      layout_loops_ring, shapermc_ecumenical_altar_gd
D:3:      layout_basic, mainiacjoe_overflow_catch_the_wave, serial_shops, shop,
          nicolae_shop_window_shopping,
          nicolae_shop_temple_entry_statues_fountains, nicolae_diamond_shop,
          shop
D:4:      layout_cave_pools, mainiacjoe_overflow_catwalk_spiral,
          minmay_temple_entry_arrows, uniq_crazy_yiuf_cottage
D:5:      layout_loops_ring, jmf_multi_god_temple,
          nicolae_overflow_crystal_walls
D:6:      layout_rooms, chei_slow_surprise, okawaru_trees_1,
          grunt_decor_resistance
Temple:   jpeg_temple_clearing

Skill      XL: |  1  2  3  4  5  6  7 |
---------------+----------------------+-----
Spellcasting   | 4 5 6 |  6.0
Dodging        | 3 4 |  4.1
Poison Magic   | 4 5 7 9 |  9.2
Stealth        | |  2.4
Transmutations | |  1.1

Action                   |  1- 3 |  4- 6 |  7- 9 || total
-------------------------+-------+-------+-------++-------
Melee: Unarmed           |     3 |       |       ||     3
       Mace              |    13 |    22 |       ||    35
       Punch             |     1 |       |       ||     1
 Cast: Sting             |    89 |    39 |       ||   128
       Scorch            |     2 |    30 |    33 ||    65
       Mephitic Cloud    |       |     4 |     1 ||     5
       Poisonous Vapours |       |    10 |     6 ||    16
  Use: Potion            |       |     2 |     3 ||     5
 Stab: Confused          |       |     1 |       ||     1
Armor: Robe              |    19 |     3 |     1 ||    23
Dodge: Dodged            |    62 |    28 |    40 ||   130

Table legend: (Time is in decaauts)
 A = Elapsed time spent in this place.
 B = Non-inter-level travel time spent in this place.
 C = Inter-level travel time spent in this place.
 D = Time resting spent in this place.
 E = Time spent auto-exploring this place.
 F = Levels seen in this place.
 G = Mean time per level.
                   A        B        C        D        E       F      G
               +--------+--------+--------+--------+--------+-----+--------+
         Total |   6313 |   6131 |    182 |    195 |   5140 |   7 |  901.9 |
       Dungeon |   6221 |   6053 |    168 |    195 |   5073 |   6 | 1036.8 |
        Temple |     91 |     78 |     13 |      0 |     67 |   1 |   91.0 |
               +--------+--------+--------+--------+--------+-----+--------+

Top non-repeatable levels by time:
     D:1: 1695 daAuts
     D:3: 1410 daAuts
     D:5: 1093 daAuts
     D:2: 1091 daAuts
     D:4: 904 daAuts
  Temple: 91 daAuts
     D:6: 26 daAuts
